 Dungeon Crawl Stone Soup version 0.23-a0-696-gf95311e5ea (webtiles) character file.

15 Adamkad1 the Sneak (level 2, 13/13 HPs)
             Began as a Spriggan Enchanter on Jan 12, 2019.
             Quit the game on level 1 of the Dungeon.
             The game lasted 00:02:19 (878 turns).

Adamkad1 the Sneak (Spriggan Enchanter)              Turns: 878, Time: 00:02:20

Health: 13/13      AC:  2    Str:  4    XL:     2   Next: 34%
Magic:  6/7        EV: 18    Int: 16    God:
Gold:   15         SH:  0    Dex: 16    Spells: 4/7 levels left

rFire    . . .     SeeInvis +   a - +1 dagger
rCold    . . .     Gourm    .   (shield restricted)
rNeg     . . .     Faith    .   b - +0 robe
rPois    .         Spirit   .   (helmet restricted)
rElec    .         Reflect  .   (no cloak)
rCorr    .         Harm     .   (gloves unavailable)
MR       .....                  (boots unavailable)
Stlth    +++.......             (no amulet)
HPRegen  0.04/turn              (no ring)
MPRegen  0.10/turn              (no ring)

@: very quick
A: very small, unfitting armour, see invisible, herbivore, speed 3, slow
metabolism 2
a: no special abilities


You were on level 1 of the Dungeon.
You were not hungry.

You visited 1 branch of the dungeon, and saw 1 of its levels.

You collected 15 gold pieces.

Inventory:

Hand Weapons
 a - a +1 dagger (weapon)
Armour
 b - a +0 robe (worn)
Potions
 c - a potion of curing {unknown}
Comestibles
 d - a ration


   Skills:
 + Level 0.1 Fighting
 * Level 1.4 Short Blades
 + Level 3.1 Dodging
 * Level 4.6 Stealth
 * Level 3.0 Spellcasting
 * Level 3.8 Hexes


You had 4 spell levels left.
You knew the following spells:

 Your Spells              Type           Power        Failure   Level  Hunger
a - Corona                Hex            ##.....      3%          1    #......
b - Ensorcelled Hibernat  Hex/Ice        #.....       13%         2    ##.....

Your spell library contained the following spells:

 Spells                   Type           Power        Failure   Level  Hunger
 Confuse                  Hex            ##......     12%         3    ###....
 Tukima's Dance           Hex            ##......     12%         3    ###....
 Dazzling Spray           Conj/Hex       #.....       26%         3    ###....


Dungeon Overview and Level Annotations

Branches:
Dungeon (1/15)

Altars:


Innate Abilities, Weirdness & Mutations

You are very small and have problems with some larger weapons.
You are too small for most types of armour.
You have supernaturally acute eyesight. (SInv)
You are a herbivore.
You cover ground extremely quickly.
You need to consume almost no food.


Message History

The hobgoblin looks drowsy...
The goblin shouts!
The helpless hobgoblin fails to defend itself.
You impale the hobgoblin!!
You kill the hobgoblin!
Casting: Ensorcelled Hibernation (safe; 13% risk of failure)
Confirm with . or Enter, or press ? or * to list all spells.
Aiming: Ensorcelled Hibernation (safe; 13% risk of failure)
Press: ? - help, Shift-Dir - straight line, f - goblin
Aim: a goblin, wielding a +0 dagger (chance to defeat MR: 57%)
The goblin looks drowsy...
Unknown command.
The helpless goblin fails to defend itself.
You impale the goblin!!
You kill the goblin!
You see here a +0 dagger.
You start resting.
A goblin comes into view. It is wielding a +0 club.
A goblin is nearby!
Are you sure you want to abandon this character and quit the game? (Confirm with "yes".)

##.# #.#.## .....h
##..####.#..# .....
....##......# .....
........(...## #..#
.............## #..
..............#
..............##
...............########g
...............)@.......
...............#####....
............#..# #
.....#.....##...
.###...........##
..#..########... .....#
#....# ..##.# ##.#.###.#
..##.# #.......#


You could see a goblin (wandering).

Vanquished Creatures
  A giant cockroach (D:1)
  A goblin (D:1)
  3 hobgoblins (D:1)
  4 bats (D:1)
  3 frilled lizards (D:1)
  3 kobolds (D:1)
  A rat (D:1)
16 creatures vanquished.

Notes
Turn   | Place    | Note
-------+----------+-------------------------------------------
     0 | D:1      | Adamkad1 the Spriggan Enchanter began the quest for the
                  | Orb.
     0 | D:1      | Reached XP level 1. HP: 9/9 MP: 5/5
   575 | D:1      | Reached XP level 2. HP: 11/13 MP: 4/6
   750 | D:1      | Learned a level 2 spell: Ensorcelled Hibernation
   878 | D:1      | Quit the game

Vault maps used:
D:1:      elethiomel_arrival_infinity_welcomes_careful_drivers

Skill      XL: |  1  2 |
---------------+-------+-----
Spellcasting   | 3 |  3.0
Fighting       | |  0.1
Short Blades   | |  1.4
Dodging        | |  3.1
Stealth        | |  4.6
Hexes          | |  3.8

Action                   || total
-------------------------++-------
Melee: Dagger            ||    48
 Cast: Corona            ||    10
       Ensorcelled Hiber ||     4
 Stab: Sleeping          ||     5
Armor: Robe              ||     3
Dodge: Dodged            ||    51

Table legend:
 A = Non-vault XP
 B = Vault XP
 C = Vault XP percentage of total XP
 D = Non-vault monster count
 E = Vault monster count
 F = Vault count percentage of total count
                 A         B        C        D         E       F
            +---------+---------+-------+---------+---------+-------
      Total |      22 |       0 |   0.0 |      16 |       0 |   0.0
            +---------+---------+-------+---------+---------+-------
        D:1 |      22 |       0 |   0.0 |      16 |       0 |   0.0
            +---------+---------+-------+---------+---------+-------
